PA
COLUMBIA RIVER RATS @ SOUTH BEACH BLAZE
08/30/2027
 
TOP OF THE 1ST
Columbia River Rats batting - Pitching for South Beach Blaze : LHP Arthur Clough
Pitching: LHP Arthur Clough
Batting: RHB Víctor Hernández 0-0: Reached on error, E5 (Groundball, 56)
Batting: RHB Mario Jacome 0-0: Called Strike
0-1: Ball
1-1: Ball
2-1: Ball
3-1: Base on Balls
Víctor Hernández to second
Batting: RHB Enrique Correa 0-0: Called Strike
0-1: Hit by Pitch
Víctor Hernández to third
Mario Jacome to second
Batting: RHB Marcos Rico 0-0: Ball
1-0: Foul Ball, location: 2F
1-1: Swinging Strike
1-2: Foul Ball, location: 2F
1-2: Foul Ball, location: 2F
1-2: Strikes out swinging
Batting: SHB Robert Hillier 0-0: Called Strike
0-1: Ball
1-1: Foul Ball, location: 2F
1-2: Ball
2-2: Strikes out swinging
Batting: RHB Dan Parkinson 0-0: Ball
1-0: Foul Ball, location: 2F
1-1: SINGLE (Line Drive, 4D)
Víctor Hernández scores
Mario Jacome to third
Enrique Correa to second
Batting: RHB Richard Blackburn 0-0: Ball
1-0: Ball
2-0: Swinging Strike
2-1: DOUBLE (Flyball, 78D)
Mario Jacome scores
Enrique Correa scores
Dan Parkinson to third
Runner from 3rd tries for Home, throw and OUT!
Top of the 1st over - 3 run(s), 2 hit(s), 1 error(s), 1 left on base; Columbia 3 - South Beach 0
BOTTOM OF THE 1ST
South Beach Blaze batting - Pitching for Columbia River Rats : RHP Jim Unknown
Pitching: RHP Jim Unknown
Batting: LHB Don Nordahl 0-0: Ground out 4-3 (Groundball, 4)
Batting: RHB Martinus Xhaka 0-0: Called Strike
0-1: Ball
1-1: SOLO HOME RUN (Flyball, 7D), Distance : 430 ft
Batting: RHB Bastiaan Trommel 0-0: Ball
1-0: Ball
2-0: Foul Ball, location: 2F
2-1: Called Strike
2-2: Foul Ball, location: 2F
2-2: Foul Ball, location: 2F
2-2: Ground out 6-3 (Groundball, 6M)
Batting: LHB Ramiro Ramos 0-0: Foul Ball, location: 2F
0-1: Ball
1-1: Swinging Strike
1-2: Ball
2-2: Fly out, F7 (Flyball, 7)
Bottom of the 1st over - 1 run(s), 1 hit(s), 0 error(s), 0 left on base; Columbia 3 - South Beach 1
TOP OF THE 2ND
Columbia River Rats batting - Pitching for South Beach Blaze : LHP Arthur Clough
Batting: RHB Fernando Arévalo 0-0: Ball
1-0: Foul Ball, location: 2F
1-1: Ball
2-1: Ball
3-1: Foul Ball, location: 2F
3-2: Base on Balls
Batting: RHB Miguel Delgado 0-0: Ball
1-0: Called Strike
1-1: Grounds into double play, 4-6-3 (Groundball, 4)
Batting: RHB Víctor Hernández 0-0: Ball
1-0: Foul Ball, location: 2F
1-1: Ball
2-1: Ball
3-1: Foul Ball, location: 2F
3-2: Ground out 5-3 (Groundball, 5S)
Top of the 2nd over - 0 run(s), 0 hit(s), 0 error(s), 0 left on base; Columbia 3 - South Beach 1
BOTTOM OF THE 2ND
South Beach Blaze batting - Pitching for Columbia River Rats : RHP Jim Unknown
Batting: RHB António Ramírez 0-0: Ball
1-0: Foul Ball, location: 2F
1-1: Fly out, F5 (Popup, 56S)
Batting: RHB Shizuo Heiwajaima 0-0: Ball
1-0: Called Strike
1-1: Fly out, F7 (Flyball, 78M)
Batting: RHB Omer Yurtseven 0-0: Called Strike
0-1: Ground out 6-3 (Groundball, 56)
Bottom of the 2nd over - 0 run(s), 0 hit(s), 0 error(s), 0 left on base; Columbia 3 - South Beach 1
TOP OF THE 3RD
Columbia River Rats batting - Pitching for South Beach Blaze : LHP Arthur Clough
Batting: RHB Mario Jacome 0-0: Foul Ball, location: 2F
0-1: Foul Ball, location: 2F
0-2: Ground out 6-3 (Groundball, 6)
Batting: RHB Enrique Correa 0-0: Fly out, F2 (Popup, 3S)
Batting: RHB Marcos Rico 0-0: Ground out 4-3 (Groundball, 4)
Top of the 3rd over - 0 run(s), 0 hit(s), 0 error(s), 0 left on base; Columbia 3 - South Beach 1
BOTTOM OF THE 3RD
South Beach Blaze batting - Pitching for Columbia River Rats : RHP Jim Unknown
Batting: LHB Raymond Graham 0-0: Ball
1-0: Ball
2-0: Ball
3-0: Called Strike
3-1: Called Strike
3-2: Fly out, F5 (Line Drive, 56)
Batting: RHB Greg Schiff 0-0: Ball
1-0: Called Strike
1-1: Foul Ball, location: 2F
1-2: Ball
2-2: Fly out, F7 (Flyball, 78M)
Batting: LHB Don Nordahl 0-0: Ball
1-0: Ground out 6-3 (Groundball, 6)
Bottom of the 3rd over - 0 run(s), 0 hit(s), 0 error(s), 0 left on base; Columbia 3 - South Beach 1
TOP OF THE 4TH
Columbia River Rats batting - Pitching for South Beach Blaze : LHP Arthur Clough
Batting: SHB Robert Hillier 0-0: Ball
1-0: Ball
2-0: Called Strike
2-1: Foul Ball, location: 2F
2-2: Ball
3-2: Strikes out swinging
Batting: RHB Dan Parkinson 0-0: Foul Ball, location: 2F
0-1: Called Strike
0-2: Ball
1-2: SINGLE (Flyball, 7LS)
Batting: RHB Richard Blackburn 0-0: Called Strike
0-1: Ball
1-1: Ball
Dan Parkinson steals 2nd base
2-1: Foul Ball, location: 2F
2-2: Strikes out swinging
Batting: RHB Fernando Arévalo 0-0: Ball
1-0: Ball
2-0: Called Strike
2-1: Ground out 5-3 (Groundball, 5)
Top of the 4th over - 0 run(s), 1 hit(s), 0 error(s), 1 left on base; Columbia 3 - South Beach 1
BOTTOM OF THE 4TH
South Beach Blaze batting - Pitching for Columbia River Rats : RHP Jim Unknown
Batting: RHB Martinus Xhaka 0-0: Fly out, F7 (Flyball, 7S)
Batting: RHB Bastiaan Trommel 0-0: Called Strike
0-1: Ball
1-1: Ground out 4-3 (Groundball, 34D)
Batting: LHB Ramiro Ramos 0-0: Ball
1-0: Foul Ball, location: 2F
1-1: Swinging Strike
1-2: Ball
2-2: Strikes out swinging
Bottom of the 4th over - 0 run(s), 0 hit(s), 0 error(s), 0 left on base; Columbia 3 - South Beach 1
TOP OF THE 5TH
Columbia River Rats batting - Pitching for South Beach Blaze : LHP Arthur Clough
Batting: RHB Miguel Delgado 0-0: Called Strike
0-1: Ball
1-1: Fly out, F9 (Flyball, 89S)
Batting: RHB Víctor Hernández 0-0: Fly out, F6 (Line Drive, 6)
Batting: RHB Mario Jacome 0-0: Ball
1-0: Called Strike
1-1: Called Strike
1-2: Ground out 6-3 (Groundball, 6)
Top of the 5th over - 0 run(s), 0 hit(s), 0 error(s), 0 left on base; Columbia 3 - South Beach 1
BOTTOM OF THE 5TH
South Beach Blaze batting - Pitching for Columbia River Rats : RHP Jim Unknown
Batting: RHB António Ramírez 0-0: Ball
1-0: Ground out 6-3 (Groundball, 6S)
Batting: RHB Shizuo Heiwajaima 0-0: Ball
1-0: Ground out 6-3 (Groundball, 6S)
Batting: RHB Omer Yurtseven 0-0: Called Strike
0-1: Ball
1-1: Ball
2-1: Swinging Strike
2-2: Ball
3-2: Strikes out swinging
Bottom of the 5th over - 0 run(s), 0 hit(s), 0 error(s), 0 left on base; Columbia 3 - South Beach 1
TOP OF THE 6TH
Columbia River Rats batting - Pitching for South Beach Blaze : LHP Arthur Clough
Batting: RHB Enrique Correa 0-0: Ball
1-0: Ball
2-0: Called Strike
2-1: Called Strike
2-2: Ground out U3 (Groundball, 3)
Batting: RHB Marcos Rico 0-0: Ball
1-0: Foul Ball, location: 2F
1-1: Ground out 6-3 (Groundball, 6)
Batting: SHB Robert Hillier 0-0: Swinging Strike
0-1: Ball
1-1: Foul Ball, location: 2F
1-2: Ball
2-2: Ball
3-2: Foul Ball, location: 2F
3-2: Fly out, F8 (Flyball, 8RS)
Top of the 6th over - 0 run(s), 0 hit(s), 0 error(s), 0 left on base; Columbia 3 - South Beach 1
BOTTOM OF THE 6TH
South Beach Blaze batting - Pitching for Columbia River Rats : RHP Jim Unknown
Batting: LHB Raymond Graham 0-0: Called Strike
0-1: Swinging Strike
0-2: Ball
1-2: Foul Ball, location: 2F
1-2: Foul Ball, location: 2F
1-2: Ball
2-2: Foul Ball, location: 2F
2-2: Strikes out swinging
Batting: RHB Greg Schiff 0-0: Swinging Strike
0-1: Ball
1-1: Ball
2-1: SINGLE (Groundball, 5D)
Batting: LHB Don Nordahl 0-0: Ball
1-0: Ball
2-0: Ball
3-0: Base on Balls
Greg Schiff to second
Batting: RHB Martinus Xhaka 0-0: DOUBLE (Line Drive, 7LM)
Greg Schiff scores
Don Nordahl to third
Batting: RHB Bastiaan Trommel 0-0: Called Strike
0-1: SINGLE (Line Drive, 89M)
Don Nordahl scores
Martinus Xhaka to third
Batting: LHB Ramiro Ramos 0-0: Ball
1-0: Ground out 4-3 (Groundball, 34D)
Martinus Xhaka scores
Bastiaan Trommel to second
Batting: RHB António Ramírez 0-0: Ball
1-0: Foul Ball, location: 2F
1-1: Foul Ball, location: 2F
1-2: Fly out, F9 (Flyball, 9S)
Bottom of the 6th over - 3 run(s), 3 hit(s), 0 error(s), 1 left on base; Columbia 3 - South Beach 4
TOP OF THE 7TH
Columbia River Rats batting - Pitching for South Beach Blaze : LHP Arthur Clough
Batting: RHB Dan Parkinson 0-0: Called Strike
0-1: Called Strike
0-2: Ball
1-2: Strikes out looking
Batting: RHB Richard Blackburn 0-0: Ball
1-0: Called Strike
1-1: Ground out 6-3 (Groundball, 6)
Batting: RHB Fernando Arévalo 0-0: Foul Ball, location: 2F
0-1: Ground out 6-3 (Groundball, 6)
Top of the 7th over - 0 run(s), 0 hit(s), 0 error(s), 0 left on base; Columbia 3 - South Beach 4
BOTTOM OF THE 7TH
South Beach Blaze batting - Pitching for Columbia River Rats : RHP Jim Unknown
Batting: RHB Shizuo Heiwajaima 0-0: Ball
1-0: Ball
2-0: Ground out 5-3 (Groundball, 5)
Batting: RHB Omer Yurtseven 0-0: SINGLE (Groundball, 4MD)
Batting: LHB Raymond Graham 0-0: Foul Ball, location: 2F
0-1: Ball
1-1: Ball
2-1: Called Strike
2-2: Fielders Choice at 2nd, 4-6 (Groundball, 4)
Pinch Hitting: RHB Raúl Chávez 0-0: Swinging Strike
0-1: Foul Ball, location: 2F
0-2: Ball
1-2: Fielders Choice at 2nd, 5-4 (Groundball, 56)
Bottom of the 7th over - 0 run(s), 1 hit(s), 0 error(s), 0 left on base; Columbia 3 - South Beach 4
TOP OF THE 8TH
Columbia River Rats batting - Pitching for South Beach Blaze : LHP Arthur Clough
Now in CF: Raúl Chávez
Batting: RHB Miguel Delgado 0-0: Ball
1-0: Foul Ball, location: 2F
1-1: DOUBLE (Line Drive, 9LM) - OUT at third base trying to stretch hit.
Pitching: RHP Harrison Tuff
Batting: RHB Víctor Hernández 0-0: Ball
1-0: Foul Ball, location: 2F
1-1: Ball
2-1: Ball
3-1: Foul Ball, location: 2F
3-2: Base on Balls
Pitching: RHP Malulani Anakone
Pinch Hitting: RHB Rich Flannery 0-0: Called Strike
0-1: Swinging Strike
0-2: Ball
1-2: Strikes out swinging
Batting: RHB Enrique Correa 0-0: Ball
1-0: Called Strike
1-1: Foul Ball, location: 2F
1-2: Fly out, F6 (Line Drive, 6)
Top of the 8th over - 0 run(s), 1 hit(s), 0 error(s), 1 left on base; Columbia 3 - South Beach 4
BOTTOM OF THE 8TH
South Beach Blaze batting - Pitching for Columbia River Rats : RHP Jim Unknown
Pitching: RHP Toshiharu Kuhabara
Now in CF: Yves Girard
Batting: LHB Don Nordahl 0-0: Ball
1-0: Ball
2-0: Foul Ball, location: 2F
2-1: Swinging Strike
2-2: Foul Ball, location: 2F
2-2: Strikes out swinging
Batting: RHB Martinus Xhaka 0-0: Swinging Strike
0-1: Ball
1-1: Called Strike
1-2: SINGLE (Groundball, 4MD)
Batting: RHB Bastiaan Trommel 0-0: Swinging Strike
0-1: Ball
1-1: Ball
2-1: Ball
3-1: Swinging Strike
3-2: Foul Ball, location: 2F
3-2: Strikes out swinging
Batting: LHB Ramiro Ramos 0-0: Called Strike
0-1: Ball
1-1: Reached on error, E4 (Groundball, 4)
Martinus Xhaka to second
Batting: RHB António Ramírez 0-0: Ball
1-0: Called Strike
1-1: Ball
2-1: Ball
3-1: Called Strike
3-2: Ground out 6-3 (Groundball, 6)
Bottom of the 8th over - 0 run(s), 1 hit(s), 1 error(s), 2 left on base; Columbia 3 - South Beach 4
TOP OF THE 9TH
Columbia River Rats batting - Pitching for South Beach Blaze : RHP Malulani Anakone
Pitching: RHP Victor Lustig
Batting: RHB Marcos Rico 0-0: Foul Ball, location: 2F
0-1: Swinging Strike
0-2: Foul Ball, location: 2F
0-2: Strikes out swinging
Pinch Hitting: RHB José Valéncia 0-0: Called Strike
0-1: Swinging Strike
0-2: Ball
1-2: Strikes out swinging
Batting: RHB Dan Parkinson 0-0: Called Strike
0-1: Ball
1-1: Ball
2-1: Foul Ball, location: 2F
2-2: Fly out, F4 (Flyball, 34D)
Top of the 9th over - 0 run(s), 0 hit(s), 0 error(s), 0 left on base; Columbia 3 - South Beach 4
Saturday, May 26th, 2018 - OOTP Baseball 17.12 Build 75